TOP OF THE 1ST |
---|
Key West Barracudas batting - Pitching for Memphis Blues : RHP Ramón Flores | Pitching: RHP Ramón Flores | | Batting: SHB Luis Manuel López | 0-0: Called Strike 0-1: Ball 1-1: Ball 2-1: SINGLE (Groundball, 56D) | Batting: RHB Chris Adams | 0-0: Fly out, F2 (Popup, 2RF) | Batting: LHB Domingo Ledesma | 0-0: Called Strike 0-1: Ball 1-1: Foul Ball, location: 2F 1-2: Foul Ball, location: 2F 1-2: Ball 2-2: DOUBLE (Groundball, 3L) Luis Manuel López to third | Batting: SHB Héctor Jiménez | 0-0: Called Strike 0-1: Ball 1-1: Called Strike 1-2: Foul Ball, location: 2F 1-2: Fly out, F7 (Flyball, 7S) Runner from 3rd tags up, OUT at HOME | Top of the 1st over - 0 runs, 2 hits, 0 errors, 1 left on base; Key West 0 - Memphis 0 | BOTTOM OF THE 1ST |
---|
Memphis Blues batting - Pitching for Key West Barracudas : RHP Sean Flynn | Pitching: RHP Sean Flynn | | Batting: LHB Armando Domínguez | 0-0: Ball 1-0: Foul Ball, location: 2F 1-1: Swinging Strike 1-2: Ball 2-2: Strikes out swinging | Batting: RHB Dennis Mays | 0-0: Ball 1-0: Swinging Strike 1-1: SINGLE (Groundball, 6MD) | Batting: LHB Weston Chaney | 0-0: Ball 1-0: Foul Ball, location: 2F 1-1: Ball 2-1: Swinging Strike 2-2: Ball 3-2: Fly out, F9 (Flyball, 9D) | Batting: LHB Brenton Carter | 0-0: Called Strike 0-1: Ball 1-1: Called Strike 1-2: Fly out, F6 (Popup, 6MS) | Bottom of the 1st over - 0 runs, 1 hit, 0 errors, 1 left on base; Key West 0 - Memphis 0 | TOP OF THE 2ND |
---|
Key West Barracudas batting - Pitching for Memphis Blues : RHP Ramón Flores | Batting: SHB Júlio Ayala | 0-0: Ball 1-0: Swinging Strike 1-1: Ground out 6-3 (Groundball, 6) | Batting: LHB Motoki Hirata | 0-0: Ball 1-0: Foul Ball, location: 2F 1-1: Ground out 4-3 (Groundball, 4) | Batting: RHB Anastasio Zartuche | 0-0: Ball 1-0: Foul Ball, location: 2F 1-1: Foul Ball, location: 2F 1-2: Ground out 6-3 (Groundball, 6) | Top of the 2nd over - 0 runs, 0 hits, 0 errors, 0 left on base; Key West 0 - Memphis 0 | BOTTOM OF THE 2ND |
---|
Memphis Blues batting - Pitching for Key West Barracudas : RHP Sean Flynn | Batting: RHB Aaron Grizzle | 0-0: Ball 1-0: Fly out, F7 (Flyball, 7LD) | Batting: SHB Fernando Gutiérrez | 0-0: Ball 1-0: Ball 2-0: Ball 3-0: Called Strike 3-1: Base on Balls | Pitching: RHP Dennis Grange | | Batting: RHB Julian Lee | 0-0: Called Strike 0-1: Ball 1-1: Swinging Strike 1-2: Ball 2-2: Fielders Choice at 2nd, 6-4 (Groundball, 6) | Batting: SHB José Velásquez | 0-0: Called Strike Julian Lee steals 2nd base 0-1: Ball 1-1: Ball 2-1: Ball 3-1: Called Strike 3-2: Base on Balls | Batting: RHB Ángel Hernández | 0-0: Ball 1-0: Swinging Strike 1-1: Hit by Pitch Julian Lee to third José Velásquez to second | Batting: LHB Armando Domínguez | 0-0: Called Strike 0-1: Ball 1-1: Ball 2-1: Called Strike 2-2: Ball 3-2: Foul Ball, location: 2F 3-2: Strikes out swinging | Bottom of the 2nd over - 0 runs, 0 hits, 0 errors, 3 left on base; Key West 0 - Memphis 0 | TOP OF THE 3RD |
---|
Key West Barracudas batting - Pitching for Memphis Blues : RHP Ramón Flores | Batting: LHB Mauro Díaz | 0-0: DOUBLE (Groundball, 3L) | Batting: LHB Juan Lima | 0-0: Called Strike 0-1: Ball 1-1: Ball 2-1: Called Strike 2-2: Foul Ball, location: 2F 2-2: Ball 3-2: Foul Ball, location: 2F 3-2: Ground out 3-1 (Groundball, 34) Mauro Díaz to third | Batting: SHB Luis Manuel López | 0-0: Ball 1-0: Ball 2-0: Ball 3-0: Called Strike 3-1: Foul Ball, location: 2F 3-2: Strikes out swinging | Batting: RHB Chris Adams | 0-0: Foul Ball, location: 2F 0-1: Ball 1-1: SINGLE (Flyball, 78M) Mauro Díaz scores | Batting: LHB Domingo Ledesma | 0-0: SINGLE (Line Drive, 4M) Chris Adams to second | Batting: SHB Héctor Jiménez | 0-0: SINGLE (Line Drive, 89S) Chris Adams to third Domingo Ledesma to second | Batting: SHB Júlio Ayala | 0-0: Ball 1-0: Ball 2-0: Foul Ball, location: 2F 2-1: Fly out, F8 (Flyball, 8RM) | Top of the 3rd over - 1 run, 4 hits, 0 errors, 3 left on base; Key West 1 - Memphis 0 | BOTTOM OF THE 3RD |
---|
Memphis Blues batting - Pitching for Key West Barracudas : RHP Dennis Grange | Batting: RHB Dennis Mays | 0-0: SOLO HOME RUN (Flyball, 9D), Distance : 388 ft | Batting: LHB Weston Chaney | 0-0: Swinging Strike 0-1: Ball 1-1: Ball 2-1: Called Strike 2-2: Foul Ball, location: 2F 2-2: Ball 3-2: SOLO HOME RUN (Flyball, 78XD), Distance : 425 ft | Batting: LHB Brenton Carter | 0-0: Foul Ball, location: 2F 0-1: Ball 1-1: Foul Ball, location: 2F 1-2: Foul Ball, location: 2F 1-2: DOUBLE (Line Drive, 89M) | Batting: RHB Aaron Grizzle | 0-0: Ball 1-0: Ball 2-0: Called Strike 2-1: Ground out 4-3 (Groundball, 4M) Brenton Carter to third | Pitching: RHP Ed Calhoun | | Batting: SHB Fernando Gutiérrez | 0-0: Ball 1-0: Ball 2-0: Reaches on Catchers interference | Batting: RHB Julian Lee | 0-0: Swinging Strike 0-1: Ball 1-1: Ball 2-1: Ground out 3-1 (Groundball, 34) Brenton Carter scores Fernando Gutiérrez to second | Batting: SHB José Velásquez | 0-0: Called Strike 0-1: Ball 1-1: Ground out 5-3 (Groundball, 56S) | Bottom of the 3rd over - 3 runs, 3 hits, 1 error, 1 left on base; Key West 1 - Memphis 3 | TOP OF THE 4TH |
---|
Key West Barracudas batting - Pitching for Memphis Blues : RHP Ramón Flores | Batting: LHB Motoki Hirata | 0-0: SINGLE (Groundball, 34S) (infield hit) | Batting: RHB Anastasio Zartuche | 0-0: Foul Ball, location: 2F 0-1: Fly out, F6 (Line Drive, 56) | Batting: LHB Mauro Díaz | 0-0: Called Strike 0-1: Ball 1-1: Ball 2-1: Ball 3-1: Called Strike 3-2: Base on Balls Motoki Hirata to second | Batting: LHB Juan Lima | 0-0: Fly out, F9 (Flyball, 89M) | Batting: SHB Luis Manuel López | 0-0: Ball 1-0: Called Strike 1-1: SINGLE (Flyball, 78M) Motoki Hirata to third Mauro Díaz to second Runner from 3rd tries for Home, SAFE, no throw | Batting: RHB Chris Adams | 0-0: Called Strike 0-1: Swinging Strike 0-2: Ball 1-2: Foul Ball, location: 2F 1-2: Ball 2-2: SINGLE (Groundball, 56D) Mauro Díaz to third Luis Manuel López to second Runner from 3rd tries for Home, SAFE, no throw | Batting: LHB Domingo Ledesma | 0-0: Ball 1-0: Foul Ball, location: 2F 1-1: Swinging Strike 1-2: Strikes out swinging | Top of the 4th over - 2 runs, 3 hits, 0 errors, 2 left on base; Key West 3 - Memphis 3 | BOTTOM OF THE 4TH |
---|
Memphis Blues batting - Pitching for Key West Barracudas : RHP Ed Calhoun | Batting: RHB Ángel Hernández | 0-0: Foul Ball, location: 2F 0-1: Called Strike 0-2: Ball 1-2: Ball 2-2: Ball 3-2: Strikes out looking | Batting: LHB Armando Domínguez | 0-0: Ball 1-0: Ground out 3-1 (Groundball, 34) | Batting: RHB Dennis Mays | 0-0: Ball | |
---|
| | 1-0: Ball 2-0: Called Strike 2-1: Foul Ball, location: 2F 2-2: Fly out, F7 (Line Drive, 7D) | Bottom of the 4th over - 0 runs, 0 hits, 0 errors, 0 left on base; Key West 3 - Memphis 3 | TOP OF THE 5TH |
---|
Key West Barracudas batting - Pitching for Memphis Blues : RHP Ramón Flores | Batting: SHB Héctor Jiménez | 0-0: SINGLE (Flyball, 6MD) | Batting: SHB Júlio Ayala | 0-0: Swinging Strike 0-1: Ball 1-1: Swinging Strike 1-2: Ball 2-2: DOUBLE (Line Drive, 89M) Héctor Jiménez to third Runner from 3rd tries for Home, SAFE, no throw | Batting: LHB Motoki Hirata | 0-0: Called Strike 0-1: DOUBLE (Line Drive, 89S) Júlio Ayala scores | Batting: RHB Anastasio Zartuche | 0-0: Ball 1-0: Ball 2-0: Swinging Strike 2-1: Swinging Strike 2-2: Strikes out swinging | Batting: LHB Mauro Díaz | 0-0: Called Strike Motoki Hirata steals 3rd base 0-1: Ball 1-1: Ball 2-1: Foul Ball, location: 2F 2-2: Ball 3-2: Base on Balls | Batting: LHB Juan Lima | 0-0: Ball 1-0: Ball 2-0: Ball 3-0: Base on Balls Mauro Díaz to second | Batting: SHB Luis Manuel López | 0-0: Ball 1-0: Ball 2-0: Swinging Strike 2-1: Foul Ball, location: 2F 2-2: SINGLE (Line Drive, 4MD) Motoki Hirata scores Mauro Díaz to third Juan Lima to second | Pitching: LHP Fernando Palácios | | Batting: RHB Chris Adams | 0-0: Foul Ball, location: 2F 0-1: Swinging Strike 0-2: Ball 1-2: Ball 2-2: Strikes out looking | Batting: LHB Domingo Ledesma | 0-0: Ball 1-0: Foul Ball, location: 2F 1-1: TRIPLE (Flyball, 7D) Mauro Díaz scores Juan Lima scores Luis Manuel López scores | Batting: SHB Héctor Jiménez | 0-0: Called Strike 0-1: Called Strike 0-2: Foul Ball, location: 2F 0-2: Ball 1-2: Ball 2-2: Strikes out swinging | Top of the 5th over - 6 runs, 5 hits, 0 errors, 1 left on base; Key West 9 - Memphis 3 | BOTTOM OF THE 5TH |
---|
Memphis Blues batting - Pitching for Key West Barracudas : RHP Ed Calhoun | Batting: LHB Weston Chaney | 0-0: Called Strike 0-1: Fly out, F7 (Flyball, 7) | Batting: LHB Brenton Carter | 0-0: Ball 1-0: Called Strike 1-1: Foul Ball, location: 2F 1-2: Strikes out looking | Batting: RHB Aaron Grizzle | 0-0: Called Strike 0-1: Swinging Strike 0-2: Strikes out looking | Bottom of the 5th over - 0 runs, 0 hits, 0 errors, 0 left on base; Key West 9 - Memphis 3 | TOP OF THE 6TH |
---|
Key West Barracudas batting - Pitching for Memphis Blues : LHP Fernando Palácios | Batting: SHB Júlio Ayala | 0-0: Ball 1-0: Foul Ball, location: 2F 1-1: Called Strike 1-2: Foul Ball, location: 2F 1-2: Ball 2-2: Ball 3-2: Foul Ball, location: 2F 3-2: Base on Balls | Batting: LHB Motoki Hirata | 0-0: Called Strike 0-1: Swinging Strike 0-2: Ball 1-2: Foul Ball, location: 2F 1-2: Strikes out looking | Batting: RHB Anastasio Zartuche | 0-0: Ball 1-0: Foul Ball, location: 2F 1-1: Fly out, F2 (Popup, 23F) | Batting: LHB Mauro Díaz | 0-0: Ball 1-0: Ball 2-0: Ball 3-0: Called Strike 3-1: Base on Balls Júlio Ayala to second | Batting: LHB Juan Lima | 0-0: SINGLE (Groundball, 34D) Júlio Ayala to third Mauro Díaz to second | Batting: SHB Luis Manuel López | 0-0: Called Strike 0-1: SINGLE (Groundball, 4D) Júlio Ayala scores Mauro Díaz to third Juan Lima to second Runner from 3rd tries for Home, throw and OUT! | Top of the 6th over - 1 run, 2 hits, 0 errors, 2 left on base; Key West 10 - Memphis 3 | BOTTOM OF THE 6TH |
---|
Memphis Blues batting - Pitching for Key West Barracudas : RHP Ed Calhoun | Batting: SHB Fernando Gutiérrez | 0-0: Ball 1-0: Foul Ball, location: 2F 1-1: Foul Ball, location: 2F 1-2: Foul Ball, location: 2F 1-2: Ball 2-2: Fly out, F7 (Line Drive, 78XD) | Batting: RHB Julian Lee | 0-0: SINGLE (Line Drive, 89S) | Batting: SHB José Velásquez | 0-0: Swinging Strike 0-1: Ball 1-1: Ball 2-1: SINGLE (Flyball, 89S) Julian Lee to second Runner from 2nd tries for 3rd, SAFE, no throw | Batting: RHB Ángel Hernández | 0-0: Ball 1-0: Called Strike 1-1: Foul Ball, location: 2F 1-2: Foul Ball, location: 2F 1-2: Foul Ball, location: 2F 1-2: Ball 2-2: Foul Ball, location: 2F 2-2: Strikes out swinging | Batting: LHB Armando Domínguez | 0-0: Ball José Velásquez steals 2nd base 1-0: SINGLE (Groundball, 56D) Julian Lee scores José Velásquez to third Runner from 3rd tries for Home, SAFE, no throw | Batting: RHB Dennis Mays | 0-0: Ball 1-0: Ground out 4-3 (Groundball, 34) | Bottom of the 6th over - 2 runs, 3 hits, 0 errors, 1 left on base; Key West 10 - Memphis 5 | TOP OF THE 7TH |
---|
Key West Barracudas batting - Pitching for Memphis Blues : LHP Fernando Palácios | Batting: RHB Chris Adams | 0-0: Called Strike 0-1: Ground out 1-3 (Groundball, P) | Batting: LHB Domingo Ledesma | 0-0: Called Strike 0-1: Called Strike 0-2: Ball 1-2: Strikes out looking | Batting: SHB Héctor Jiménez | 0-0: Ball 1-0: Ball 2-0: Ball 3-0: Called Strike 3-1: Base on Balls | Batting: SHB Júlio Ayala | 0-0: Swinging Strike 0-1: Foul Ball, location: 2F 0-2: Foul Ball, location: 2F 0-2: Foul Ball, location: 2F 0-2: Foul Ball, location: 2F 0-2: Ball 1-2: Strikes out swinging | Top of the 7th over - 0 runs, 0 hits, 0 errors, 1 left on base; Key West 10 - Memphis 5 | BOTTOM OF THE 7TH |
---|
Memphis Blues batting - Pitching for Key West Barracudas : RHP Ed Calhoun | Pitching: RHP José Cuellar | | Batting: LHB Weston Chaney | 0-0: Ball 1-0: SOLO HOME RUN (Flyball, 9LD), Distance : 368 ft | Batting: LHB Brenton Carter | 0-0: Called Strike 0-1: Called Strike 0-2: Ball 1-2: Strikes out swinging | Batting: RHB Aaron Grizzle | 0-0: Called Strike 0-1: Ground out 5-3 (Groundball, 56S) | Batting: SHB Fernando Gutiérrez | 0-0: Ball 1-0: Foul Ball, location: 2F 1-1: Fly out, F7 (Flyball, 7LM) | Bottom of the 7th over - 1 run, 1 hit, 0 errors, 0 left on base; Key West 10 - Memphis 6 | TOP OF THE 8TH |
---|
Key West Barracudas batting - Pitching for Memphis Blues : LHP Fernando Palácios | Batting: LHB Motoki Hirata | 0-0: Ball 1-0: Foul Ball, location: 2F 1-1: Foul Ball, location: 2F 1-2: Foul Ball, location: 2F 1-2: Fly out, F3 (Popup, 3S) | Pitching: RHP Michael Hutchins | | Batting: RHB Anastasio Zartuche | 0-0: Ball 1-0: Ground out 5-3 (Groundball, 56S) | Batting: LHB Mauro Díaz | 0-0: Ground out 5-3 (Groundball, 5) | Top of the 8th over - 0 runs, 0 hits, 0 errors, 0 left on base; Key West 10 - Memphis 6 | BOTTOM OF THE 8TH |
---|
Memphis Blues batting - Pitching for Key West Barracudas : RHP José Cuellar | Batting: RHB Julian Lee | 0-0: Ground out 5-3 (Groundball, 56) | Batting: SHB José Velásquez | 0-0: Swinging Strike 0-1: Called Strike 0-2: Foul Ball, location: 2F 0-2: Ball 1-2: Ball 2-2: Ground out 1-3 (Groundball, 15S) | Batting: RHB Ángel Hernández | 0-0: Ball 1-0: Called Strike 1-1: Foul Ball, location: 2F 1-2: Ball 2-2: Ball 3-2: Strikes out swinging | Bottom of the 8th over - 0 runs, 0 hits, 0 errors, 0 left on base; Key West 10 - Memphis 6 | TOP OF THE 9TH |
---|
Key West Barracudas batting - Pitching for Memphis Blues : RHP Michael Hutchins | Batting: LHB Juan Lima | 0-0: Foul Ball, location: 2F 0-1: Called Strike 0-2: Strikes out swinging | Batting: SHB Luis Manuel López | 0-0: Ball 1-0: Called Strike 1-1: Called Strike 1-2: Ball 2-2: Foul Ball, location: 2F 2-2: Ball 3-2: Base on Balls | Batting: RHB Chris Adams | 0-0: Called Strike Luis Manuel López steals 2nd base 0-1: Swinging Strike 0-2: Foul Ball, location: 2F 0-2: Ball 1-2: Ball 2-2: Foul Ball, location: 2F 2-2: Ground out 5-3 (Groundball, 5) | Batting: LHB Domingo Ledesma | 0-0: Called Strike 0-1: Called Strike 0-2: Fly out, F8 (Line Drive, 8LM) | Top of the 9th over - 0 runs, 0 hits, 0 errors, 1 left on base; Key West 10 - Memphis 6 | BOTTOM OF THE 9TH |
---|
Memphis Blues batting - Pitching for Key West Barracudas : RHP José Cuellar | Pitching: RHP Gerald Núñez | | Batting: LHB Armando Domínguez | 0-0: Called Strike 0-1: Ball 1-1: Ground out 4-3 (Groundball, 4) | Batting: RHB Dennis Mays | 0-0: SOLO HOME RUN (Flyball, 78XD), Distance : 434 ft | Batting: LHB Weston Chaney | 0-0: Fly out, F4 (Line Drive, 4) | Batting: LHB Brenton Carter | 0-0: Reached on error, E4 (Groundball, 4) | Batting: RHB Aaron Grizzle | 0-0: Ball 1-0: Foul Ball, location: 2F 1-1: Called Strike 1-2: Ball 2-2: Strikes out swinging | Bottom of the 9th over - 1 run, 1 hit, 1 error, 1 left on base; Key West 10 - Memphis 7 | | Saturday, December 16th, 2017 - OOTP Baseball 18.8 Build 76 | |